 Dungeon Crawl Stone Soup version bcrawl-1.34.3 (webtiles) character file.

Game seed: 6948855637038627511

11085247 zoran the Warrior (level 19, -5/185 HPs)
             Began as a Minotaur Abyssal Knight on Oct 16, 2021.
             Was a High Priest of Lugonu.
             Slain by a deep troll (23 damage)
             ... on level 1 of the Depths.
             The game lasted 01:54:42 (36066 turns).

zoran the Warrior (Minotaur Abyssal Knight)        Turns: 36066, Time: 01:54:43

Health: -5/185     AC: 44    Str: 21    XL:     19   Next: 62%
Magic:  37/37      EV:  7    Int: 12    God:    Lugonu [*****.]
Gold:   1251       SH:  8    Dex: 16    Spells: 18/18 levels left

rFire    + . .     SeeInvis .   d - +4 broad axe (flame)
rCold    + . .     Gourm    .   D - +2 buckler
rNeg     + . .     Faith    +   Z - +8 orange crystal plate armour {Archmagi, Int+3 Clar}
rPois    +         Spirit   .   i - +2 hat of Wigo Qea {MR+++ rCorr Str-4 Int+2}
rElec    +         Reflect  .   E - +1 cloak {rPois}
rCorr    +         Harm     .   L - +1 pair of gloves {Dex+3}
MR       +++++     Clarity  +   p - +0 pair of boots of Amelioration {rF+ rN+ rCorr Str+3}
Stlth    ..........             G - amulet of faith
HPRegen  0.40/turn              J - ring of insulation
MPRegen  0.25/turn              M - ring of Seurruonn {rC+ MR+ MP+9 Str-2}

@: studying Spellcasting
A: retaliatory headbutt, horns 2
}: 2/15 runes: serpentine, barnacled
a: Depart the Abyss, Bend Space, Banish, Corrupt, Enter the Abyss, Renounce
Religion


You were on level 1 of the Depths.
You worshipped Lugonu.
Lugonu was extremely pleased with you.
You were not hungry.

You visited 7 branches of the dungeon, and saw 28 of its levels.
You visited the Abyss 1 time.
You also visited: Ossuary, Gauntlet and Ice Cave.

You collected 2950 gold pieces.
You spent 1699 gold pieces at shops.

Inventory:

Hand Weapons
 a - a +4 broad axe of chopping
 d - a +4 broad axe of flaming (weapon)
 h - a +0 battleaxe of freezing
Missiles
 b - 4 throwing nets {=f}
 g - 1285 poisoned tomahawks (quivered)
 x - 241 javelins of penetration {=f}
 y - 3624 javelins
Armour
 i - the +2 hat of Wigo Qea (worn) {MR+++ rCorr Str-4 Int+2}
   (Lugonu gifted it to you on level 1 of the Vaults)

   It affects your strength (-4).
   It affects your intelligence (+2).
   It affects your resistance to hostile enchantments.
   It provides partial protection from all sources of acid and corrosion.
 p - the +0 pair of boots of Amelioration (worn) {rF+ rN+ rCorr Str+3}
   (You found it on level 3 of the Snake Pit)

   It affects your strength (+3).
   It protects you from fire.
   It protects you from negative energy.
   It provides partial protection from all sources of acid and corrosion.
 z - the +2 pair of boots of the Monkey {*Contam +Inv rElec rC++}
   (Lugonu gifted it to you in an ice cave)

   It greatly protects you from cold.
   It insulates you from electricity.
   It lets you turn invisible.
   It causes magical contamination when unequipped.
 D - a +2 buckler (worn)
 E - a +1 cloak of poison resistance (worn)
 L - a +1 pair of gloves of dexterity (worn)
 Z - the +8 orange crystal plate armour (worn) {Archmagi, Int+3 Clar}
   (You found it on level 4 of the Lair of Beasts)

   It affects your intelligence (+3).
   It protects you against confusion.
Jewellery
 c - an uncursed ring of protection from magic
 G - an amulet of faith (around neck)
 J - a ring of insulation (left hand)
 K - an uncursed ring of poison resistance
 M - the ring of Seurruonn (right hand) {rC+ MR+ MP+9 Str-2}
   (You bought it in a shop in the Orcish Mines)

   [ring of magical power]

   It affects your strength (-2).
   It protects you from cold.
   It affects your resistance to hostile enchantments.
   It affects your magic capacity (+9).
Wands
 f - a wand of flame (24)
 m - a wand of acid (5)
 q - a wand of digging (25)
 u - a wand of paralysis (34)
 w - a wand of polymorph (13)
 C - a wand of scattershot (11)
 O - a wand of random effects (7)
 T - a wand of disintegration (19)
Scrolls
 j - a scroll of vulnerability
 k - 19 scrolls of remove curse
 r - 7 scrolls of immolation
 s - 5 scrolls of teleportation
 t - 6 scrolls of noise
 v - 7 scrolls of fear
 F - a scroll of silence
 I - 4 scrolls of fog
 R - 3 scrolls of torment
 U - a scroll of blinking
 V - 4 scrolls of enchant armour
 W - a scroll of summoning
Potions
 l - 12 potions of curing
 n - 3 potions of resistance
 o - 2 potions of magic
 A - 3 potions of heal wounds
 B - a potion of might
 H - a potion of haste
 N - 3 potions of mutation
 P - 2 potions of cancellation
 Q - 6 potions of lignification
 S - a potion of invisibility
Miscellaneous
 X - a phial of floods
 Y - a lamp of fire (inert)
Comestibles
 e - 50 rations {!d}


   Skills:
 - Level 20.0 Fighting
 - Level 18.0 Axes
 + Level 15.5 Throwing
 - Level 20.0 Armour
 - Level 5.0 Dodging
 - Level 5.0 Shields
 + Level 13.3 Invocations


You had 18 spell levels left.
You didn't know any spells.
Your spell library contained the following spells:

 Spells                   Type           Power        Failure   Level  Hunger
 Corona                   Hex            #......      100%        1    None
 Sting                    Conj/Pois      #...         100%        1    None
 Summon Small Mammal      Summ           #...         100%        1    None
 Call Imp                 Summ           #.....       100%        2    ####...
 Poisonous Vapours        Pois/Air       #.....       100%        2    ####...
 Shackle                  Hex            #.......     100%        2    ####...
 Call Canine Familiar     Summ           #.......     100%        3    #####..
 Confuse                  Hex            #.......     100%        3    #####..
 Dazzling Orbs            Conj/Hex       #......      100%        3    #####..
 False Image              Hex/Summ       #.......     100%        3    #####..
 Ignite Poison            Fire/Tmut/Pois #.......     100%        3    #####..
 Inner Flame              Hex/Fire       N/A          100%        3    #####..
 Cause Fear               Hex            #.........   100%        4    ######.
 Olgreb's Toxic Radiance  Pois           #........    100%        4    ######.
 Petrify                  Tmut/Erth      #.........   100%        4    ######.
 Summon Ice Beast         Ice/Summ       #.......     100%        4    ######.
 Summon Scorpions         Summ/Pois      #.......     100%        4    ######.
 Yara's Violent Unravell  Hex/Tmut       #.........   100%        4    ######.
 Bolt of Magma            Conj/Fire/Erth #.........   100%        5    #######
 Fireball                 Conj/Fire      #.........   100%        5    #######
 Metabolic Englaciation   Hex/Ice        #.........   100%        5    #######
 Summon Lightning Spire   Summ/Air       #.......     100%        5    #######
 Venom Bolt               Conj/Pois      #.........   100%        5    #######
 Bolt of Fire             Conj/Fire      #.........   100%        6    #######
 Steam Barrier            Chrm/Fire      #.........   100%        6    #######
 Mana Rupture             Conj/Hex       #.........   100%        7    #######
 Ignition                 Fire           #.........   100%        8    #######


Dungeon Overview and Level Annotations

Branches:
Dungeon (12/12)            Temple (0/1) D:6            Lair (6/6) D:8
 Shoals (3/3) Lair:2        Snake (3/3) Lair:3        Slime (0/5) Lair:5
    Orc (1/1) D:9             Elf (0/3) Orc          Vaults (2/3) D:12
 Depths (1/5) D:12
  Crypt: Vaults:1-2

Altars:
Ashenzari
Cheibriados
Dithmenos
Elyvilon
Gozag
Makhleb
Nemelex Xobeh
Okawaru
Ru
Trog
Uskayaw
Vehumet
Xom
Zin
Jiyva

Shops:
D:5 ?(%%!   D:8 ??=   D:9 :   D:10 !   D:12 %   Orc ?=*}   Shoals:2 %
Snake:1 (*}*   Vaults:2 %

Annotations:
D:2 1 runed door
D:7 exclusion: statue
Lair:2 exclusion: 2 oklob plants
Lair:3 1 runed translucent door, yrara's ghost, journeyman DsFi
Lair:5 Tothor's ghost, journeyman DsAc
Snake:2 corrupted
Snake:3 corrupted Orc corrupted
Vaults:1 3 runed translucent doors, zoran's ghost, adept MiBe
Depths:1 exclusion: obsidian statue
Abyss:1 Saint Roka


Innate Abilities, Weirdness & Mutations

You reflexively headbutt those who attack you in melee.
You have a pair of horns on your head.


Message History

The deep troll is heavily wounded.
You slash the yaktaur captain! You burn the yaktaur captain.
You block the deep troll's attack. x2
The deep troll claws you but does no damage.
You slash the yaktaur captain! You burn the yaktaur captain.
You kill the yaktaur captain!
Lugonu accepts your kill.
Your orange crystal plate armour prevents you from hitting the deep troll.
You hit the deep troll. You burn the deep troll.
The deep troll is heavily wounded.
The deep troll bites you!
* * * LOW HITPOINT WARNING * * *
The deep troll claws you.
* * * LOW HITPOINT WARNING * * *
The deep troll barely misses you.
Your orange crystal plate armour prevents you from hitting the deep troll.
You headbutt the deep troll!
The deep troll is severely wounded.
The deep troll bites you!!
You die...

##.....#....#..######
#.....##....#..#
#.....#.....####
#...(.#.......#
###...'.......#
#..##.....###
#.##.#.[..#
#.+..)#['##
###...T@..#
......))..#
+#........+
####.....# +.....#
#.....# ##.....
#######


You could see a deep troll.

Vanquished Creatures
  An Ice Fiend (IceCv)
  A lich (Depths:1)
  Frances (Shoals:1)
  3 sphinxes
  4 nagarajas (Snake:3)
  A fire giant (Vaults:1)
  2 vault wardens (Vaults:1)
  A frost giant (Depths:1)
  3 stone giants
  5 very ugly things
  6 ironheart preservers
  3 dire elephants
  A deep elf death mage (Vaults:1)
  2 minotaurs (Shoals:3)
  3 merfolk javelineers
  A merfolk impaler (Shoals:3)
  2 fire dragons (D:12)
  Josephine (Shoals:1)
  6 yaktaur captains
  2 ice dragons
  4 rakshasas
  10 naga warriors
  A hydra (D:12)
  An alligator snapping turtle (Shoals:2)
  2 ogre magi
  2 catoblepae (Lair:6)
  7 merfolk avatars
  6 two-headed ogres
  2 great orbs of eyes
  19 centaur warriors
  2 merfolk aquamancers
  A queen ant (Lair:4)
  9 anacondas
  3 deep troll earth magi
  3 deep troll shamans
  12 death yaks
  5 naga sharpshooters
  9 satyrs (Shoals:3)
  2 sea snakes
  6 shock serpents
  Nergalle (Lair:1)
  An ironheart beastmaster (Vaults:1)
  A deep elf knight (Vaults:1)
  11 deep trolls
  4 hell knights (Vaults:1)
  4 salamander mystics
  3 wizards (Vaults:1)
  3 unseen horrors (D:12)
  A glowing orange brain (D:12)
  4 cyclopes
  2 naga ritualists (Snake:1)
  2 deep elf archers (Vaults:1)
  6 ironheart convokers
  4 deep elf magi
  11 harpies
  A harpy (shapeshifter) (D:9)
  An orc knight (D:9)
  5 lindwurms
  A necromancer (Vaults:1)
  A wolf spider (Lair:6)
  8 mana vipers
  2 orc sorcerers (Orc)
  4 fauns (Shoals:3)
  13 manticores
  19 ugly things
  7 salamanders
  An oklob plant (Lair:3)
  21 black mambas
  6 merfolk sirens
  19 elephants
  3 vault sentinels
  4 ice statues
  2 gargoyles
  Joseph (D:9)
  A water nymph (Shoals:3)
  4 guardian serpents (Snake:3)
  17 naga magi
  12 cane toads
  7 rime drakes
  3 komodo dragons
  25 yaktaurs
  A freezing wraith (Vaults:1)
  2 anaconda simulacra (IceCv)
  A golden dragon simulacrum (IceCv)
  A tengu conjurer (D:8)
  12 ice devils (IceCv)
  3 wind drakes
  11 polar bears
  14 merfolk
  7 trolls
  3 hornets
  13 hippogriffs
  5 slime creatures
  21 blink frogs
  10 dream sheep
  3 raiju (Lair:6)
  4 snapping turtles
  A wyvern (Lair:1)
  3 shadows (D:11)
  A dire elephant simulacrum (IceCv)
  A vampire (D:12)
  11 water elementals
  6 wraiths
  22 yaks
  4 basilisks
  2 hungry ghosts
  7 vampire mosquitoes (D:12)
  7 wargs
  3 acid dragons
  21 nagas
  4 harpy simulacra (IceCv)
  21 crocodiles
  14 hell hounds (Lair:6)
  9 porcupines
  A hydra simulacrum (IceCv)
  A swamp drake (Lair:5)
  9 water moccasins
  An ice beast (shapeshifter) (Vaults:1)
  5 ice beasts
  3 phantoms
  25 orc warriors
  4 sky beasts
  13 black bears
  15 soldier ants
  11 ogres
  An ettin simulacrum (IceCv)
  20 wolves
  8 boggarts
  7 centaurs
  2 big kobolds
  5 bullfrogs
  4 elf zombies (Ossuary)
  A gnoll sergeant (D:10)
  A wyvern zombie (D:6)
  A wyvern skeleton (D:8)
  A water moccasin skeleton (D:9)
  3 scorpions
  8 killer bees
  9 wights
  2 howler monkeys
  25 orc priests
  6 crimson imps
  3 centaur zombies
  2 human simulacra
  A yaktaur simulacrum (Vaults:1)
  4 bullfrog skeletons
  5 jellies
  24 orc wizards
  14 hounds
  6 centaur skeletons
  14 iguanas
  Natasha (thrice) (D:3)
  47 worker ants
  A killer bee zombie (D:7)
  A hound skeleton (D:5)
  2 mummies (Ossuary)
  8 gnolls
  A howler monkey skeleton (D:4)
  A howler monkey zombie (D:6)
  13 adders
  2 shadow imps
  7 oozes
  4 adder skeletons
  4 adder zombies
  5 worms
  5 dart slugs
  12 leopard geckos
  73 orcs
  8 bats
  5 giant cockroaches
  14 hobgoblins
  13 jackals
  15 kobolds
  8 quokkas
  2 ball pythons
  18 frilled lizards
  5 goblins
  A goblin zombie (Ossuary)
  3 hobgoblin zombies (Ossuary)
  15 kobold zombies (Ossuary)
  9 orc zombies (Ossuary)
  8 rats
  A bush (Lair:6)
  7 fungi
  11 plants
1246 creatures vanquished.

Vanquished Creatures (collateral kills)
  A merfolk aquamancer (Shoals:1)
  A deep elf mage (Vaults:1)
  A yaktaur (Vaults:1)
  A merfolk (Shoals:1)
4 creatures vanquished.

Vanquished Creatures (others)
  Asterion (Snake:2)
  4 nagarajas
  A fire dragon (D:12)
  A rakshasa (Snake:2)
  3 naga warriors
  4 hydras
  9 anacondas
  2 shock serpents (Snake:3)
  An orc high priest (Orc)
  3 naga sharpshooters (Snake:3)
  3 salamander mystics (Snake:3)
  A cyclops (Orc)
  3 naga ritualists
  2 orc sorcerers (Orc)
  5 mana vipers
  8 black mambas
  A vault sentinel (Vaults:2)
  5 guardian serpents
  6 naga magi
  4 nagas
  3 swamp drakes
  3 orc warriors (Orc)
  A boggart (Vaults:1)
  5 orc priests (Orc)
  9 orc wizards (Orc)
  5 orcs (Orc)
  13 fungi
  51 plants
  24 starspawn tentacles
  4 tentacles (Shoals:2)
185 creatures vanquished.

Grand Total: 1435 creatures vanquished

Notes
Turn   | Place    | Note
-------+----------+-------------------------------------------
     0 | Abyss:1  | zoran the Minotaur Abyssal Knight began the quest for the
                  | Orb.
     0 | Abyss:1  | Reached XP level 1. HP: 19/19 MP: 1/1
    80 | D:1      | Escaped the Abyss
   235 | D:1      | Reached XP level 2. HP: 26/27 MP: 2/2
   463 | D:1      | Reached ** piety under Lugonu
   618 | D:1      | Reached XP level 3. HP: 31/33 MP: 3/3
  1468 | D:2      | Reached XP level 4. HP: 39/40 MP: 4/4
  1543 | D:2      | Found a runed door.
  1704 | D:2      | Reached *** piety under Lugonu
  1819 | D:3      | Reached XP level 5. HP: 47/47 MP: 6/6
  1927 | D:3      | Found a white marble altar of Elyvilon.
  1929 | D:3      | Noticed Natasha
  1936 | D:3      | Killed Natasha
  2024 | D:3      | Noticed Natasha
  2032 | D:3      | Killed Natasha
  2157 | D:3      | Noticed Natasha
  2162 | D:3      | Killed Natasha
  2316 | D:3      | Reached XP level 6. HP: 55/55 MP: 7/7
  2340 | D:3      | Reached skill level 5 in Fighting
  2383 | D:3      | Found an opulent altar of Gozag.
  2467 | D:3      | Found a shimmering altar of Xom.
  2888 | D:4      | Reached **** piety under Lugonu
  3016 | D:4      | Reached XP level 7. HP: 59/61 MP: 8/8
  3411 | D:5      | Entered Level 5 of the Dungeon
  3494 | D:5      | Reached skill level 5 in Axes
  3538 | D:5      | Reached skill level 5 in Armour
  3646 | D:5      | Found a sacrificial altar of Ru.
  3698 | D:5      | Found a sand-covered staircase.
  3704 | Ossuary  | Entered an ossuary
  3728 | Ossuary  | Received a gift from Lugonu
  3861 | Ossuary  | Reached XP level 8. HP: 36/70 MP: 10/10
  4054 | D:5      | Found Amoar's Magic Scroll Shoppe.
  4062 | D:5      | Bought a scroll of teleportation for 42 gold pieces
  4062 | D:5      | Bought a scroll of magic mapping for 49 gold pieces
  4067 | D:5      | Found a hide-covered altar of Uskayaw.
  4080 | D:5      | Reached skill level 5 in Dodging
  4105 | D:5      | Found Eplarhem's Weapon Boutique.
  4111 | D:5      | Reached skill level 5 in Invocations
  4157 | D:5      | Found a sparkling altar of Nemelex Xobeh.
  4161 | D:5      | Found Pauj's Distillery.
  4233 | D:5      | Found Kukhlud's Food Emporium.
  4326 | D:5      | Found Zeaf's Food Boutique.
  4812 | D:6      | Found a bloodstained altar of Trog.
  4843 | D:6      | Found a staircase to the Ecumenical Temple.
  4978 | D:6      | Reached XP level 9. HP: 75/82 MP: 11/11
  5227 | D:6      | Got a brightly glowing dagger
  5782 | D:7      | Noticed a troll
  5789 | D:7      | Killed a troll
  5796 | D:7      | Reached skill level 10 in Fighting
  5986 | D:7      | Found a radiant altar of Vehumet.
  6126 | D:7      | Reached skill level 10 in Axes
  6357 | D:7      | Noticed a troll
  6364 | D:7      | Killed a troll
  6376 | D:7      | Found a shadowy altar of Dithmenos.
  6387 | D:7      | Found a glowing silver altar of Zin.
  6387 | D:7      | Found a shattered altar of Ashenzari.
  6405 | D:7      | Found a snail-covered altar of Cheibriados.
  6449 | D:7      | Found a burning altar of Makhleb.
  6560 | D:8      | Found Voinuan's Magic Scroll Boutique.
  6580 | D:8      | Reached XP level 10. HP: 57/94 MP: 13/13
  6653 | D:8      | Bought a scroll of fog for 22 gold pieces
  6677 | D:8      | Found a staircase to the Lair.
  6721 | D:8      | Received a gift from Lugonu
  6922 | D:8      | Found Goskioxa's Jewellery Shoppe.
  7631 | D:8      | Noticed Maurice
  7632 | D:8      | Noticed Maurice
  7632 | D:8      | Maurice changed into Maurice the iguana
  7639 | D:8      | Killed Maurice the iguana
  7927 | D:8      | Found Itziypp's Magic Scroll Boutique.
  7935 | D:8      | Bought a scroll of fear for 60 gold pieces
  7935 | D:8      | Bought a scroll of identify for 24 gold pieces
  7935 | D:8      | Bought a scroll of identify for 24 gold pieces
  7935 | D:8      | Bought a scroll of identify for 24 gold pieces
  8399 | D:8      | Reached XP level 11. HP: 93/104 MP: 15/15
  8550 | Lair:1   | Entered Level 1 of the Lair of Beasts
  9097 | Lair:1   | Noticed Nergalle
  9112 | Lair:1   | Killed Nergalle
  9637 | Lair:2   | Found a shadowy altar of Dithmenos.
  9637 | Lair:2   | Noticed an oklob plant
  9695 | Lair:2   | Noticed an oklob plant
 10043 | Lair:2   | Found a staircase to the Shoals.
 10442 | Lair:3   | Noticed an oklob plant
 10447 | Lair:3   | Killed an oklob plant
 10642 | Lair:3   | Found a runed translucent door.
 10643 | Lair:3   | Noticed a spriggan rider
 10644 | Lair:3   | Noticed yrara's ghost (journeyman DsFi)
 10646 | Lair:3   | Identified the +3 trident "Lyjan" {pierce, Str+4 Int+4}
 10684 | Lair:3   | Reached skill level 10 in Armour
 10691 | Lair:3   | Reached XP level 12. HP: 74/113 MP: 17/17
 10816 | Lair:3   | Found a staircase to the Snake Pit.
 11448 | Lair:4   | Noticed a death yak
 11448 | Lair:4   | Noticed a death yak
 11449 | Lair:4   | Noticed a death yak
 11450 | Lair:4   | Noticed a death yak
 11452 | Lair:4   | Killed a death yak
 11452 | Lair:4   | Noticed a seven-headed hydra
 11456 | Lair:4   | Killed a death yak
 11459 | Lair:4   | Banished a seven-headed hydra
 11466 | Lair:4   | Killed a death yak
 11533 | Lair:4   | Found a sparkling altar of Nemelex Xobeh.
 11735 | Lair:4   | Found the +8 orange crystal plate armour {Archmagi, Int+3
                  | Clar}
 11842 | Lair:4   | Noticed a queen ant
 11853 | Lair:4   | Killed a queen ant
 11875 | Lair:4   | Received a gift from Lugonu
 11889 | Lair:4   | Reached skill level 10 in Invocations
 12176 | Lair:4   | Received a gift from Lugonu
 12199 | Lair:4   | Reached ***** piety under Lugonu
 12262 | Lair:4   | Noticed a seven-headed hydra
 12264 | Lair:4   | Banished a seven-headed hydra
 12592 | Lair:4   | Killed a death yak
 12796 | D:5      | Bought a scroll of acquirement for 728 gold pieces
 12796 | D:5      | Identified the amulet of Julieng {Rage MR+} (You acquired
                  | it on level 5 of the Dungeon)
 13009 | Lair:5   | Found a runed translucent door.
 13009 | Lair:5   | Noticed a death yak
 13009 | Lair:5   | Noticed Tothor's ghost (journeyman DsAc)
 13076 | Lair:5   | Reached XP level 13. HP: 98/125 MP: 19/19
 13155 | Lair:5   | Found a viscous altar of Jiyva.
 13155 | Lair:5   | Found a staircase to the Slime Pits.
 13157 | Lair:5   | Found a viscous altar of Jiyva.
 13324 | Lair:5   | Received a gift from Lugonu
 13918 | Lair:5   | Got a transparent lead ring
 14117 | Lair:6   | Entered Level 6 of the Lair of Beasts
 14325 | Lair:6   | Reached skill level 15 in Fighting
 14521 | Lair:6   | Reached skill level 15 in Axes
 15104 | Lair:6   | Identified the ring "Dawytosoi" {*Tele rC+ rN+ Int+5 Dex-4}
                  | (You found it on level 5 of the Lair of Beasts)
 15125 | Lair:6   | Noticed a dire elephant
 15130 | Lair:6   | Reached XP level 14. HP: 116/135 MP: 20/20
 15851 | Lair:6   | Received a gift from Lugonu
 15882 | Lair:6   | Received a gift from Lugonu
 16512 | D:9      | Noticed Joseph
 16523 | D:9      | Killed Joseph
 16524 | D:9      | Reached skill level 15 in Armour
 16564 | D:9      | Found a shattered altar of Ashenzari.
 16903 | D:9      | Found Ubli's Book Shoppe.
 16996 | D:9      | Found a staircase to the Orcish Mines.
 17272 | Orc      | Entered the Orcish Mines
 17696 | Orc      | Found a staircase to the Elven Halls.
 17866 | Orc      | Corrupted Orc
 17866 | Orc      | Noticed a starcursed mass
 17866 | Orc      | Noticed a tentacled starspawn
 17867 | Orc      | Noticed a starcursed mass
 17869 | Orc      | Noticed a tentacled starspawn
 17881 | Orc      | Noticed a bone dragon
 17898 | Orc      | Received a gift from Lugonu
 17938 | Orc      | Noticed a reaper
 18044 | Orc      | Found Goepni's General Store.
 18044 | Orc      | Found Byehy's Magic Scroll Boutique.
 18053 | Orc      | Found Kydd's Jewellery Boutique.
 18055 | Orc      | Found Eshops's Gadget Shop.
 18066 | Orc      | Bought the ring of Seurruonn {rC+ MR+ MP+9 Str-2} for 614
                  | gold pieces
 18478 | D:10     | Entered Level 10 of the Dungeon
 18792 | D:10     | Found a white marble altar of Elyvilon.
 18842 | D:10     | Found Ekluh's Distillery.
 18997 | D:10     | Reached skill level 1 in Shields
 19546 | D:11     | Reached XP level 15. HP: 129/141 MP: 21/21
 20007 | D:12     | Entered Level 12 of the Dungeon
 20054 | D:12     | Found a gate leading to a gauntlet.
 20099 | Gauntlet | Entered a Gauntlet
 20099 | Gauntlet | Found a transporter.
 20099 | Gauntlet | Found a transporter.
 20176 | Gauntlet | Found a transporter.
 20176 | Gauntlet | Found a transporter.
 20187 | Gauntlet | Found a transporter.
 20187 | Gauntlet | Found a transporter.
 20196 | Gauntlet | Found a transporter.
 20196 | Gauntlet | Found a transporter.
 20219 | Gauntlet | Found a transporter.
 20233 | Gauntlet | Found a transporter.
 20255 | Gauntlet | Found a transporter.
 20269 | Gauntlet | Found a transporter.
 20306 | Gauntlet | Found a transporter.
 20321 | Gauntlet | Found a transporter.
 20420 | Gauntlet | Found a transporter.
 20435 | Gauntlet | Found a transporter.
 20666 | D:12     | Reached skill level 5 in Shields
 20715 | D:12     | Received a gift from Lugonu
 20841 | D:12     | Found a staircase to the Depths.
 21469 | D:12     | Found Wuketoz's Food Emporium.
 21572 | D:12     | Found a gate to the Vaults.
 22291 | Snake:1  | Entered Level 1 of the Snake Pit
 22437 | Snake:1  | Found Suahyep's Antique Weapon Emporium.
 22437 | Snake:1  | Found Zatrimou's Gadget Emporium.
 22442 | Snake:1  | Found Faiw's General Store.
 22443 | Snake:1  | Found Juzuilur's General Store.
 22454 | Snake:1  | Bought a scroll of enchant weapon for 112 gold pieces
 23492 | Snake:1  | Found a snail-covered altar of Cheibriados.
 23950 | Snake:2  | Noticed Saint Roka
 24098 | Snake:2  | Banished Saint Roka
 24279 | Snake:2  | Noticed Asterion
 24283 | Snake:2  | Corrupted Snake:2
 24283 | Snake:2  | Noticed a tentacled starspawn
 24283 | Snake:2  | Noticed a cacodemon
 24284 | Snake:2  | Noticed a lich
 24284 | Snake:2  | Noticed a tentacled starspawn
 24287 | Snake:2  | Killed Asterion
 24293 | Snake:2  | Noticed a tentacled starspawn
 24297 | Snake:2  | Noticed a cacodemon
 24309 | Snake:2  | Reached XP level 16. HP: 155/155 MP: 22/22
 24374 | Snake:2  | Found a frozen archway.
 24461 | IceCv    | Entered an ice cave
 24659 | IceCv    | Received a gift from Lugonu
 24849 | IceCv    | Received a gift from Lugonu
 24850 | IceCv    | Got a pair of twisted boots {god gift}
 24869 | IceCv    | Identified the +2 pair of boots of the Monkey {*Contam +Inv
                  | rElec rC++} (Lugonu gifted it to you in an ice cave)
 25017 | IceCv    | Noticed an Ice Fiend
 25066 | IceCv    | Killed an Ice Fiend
 25528 | Snake:2  | Found a bloodstained altar of Trog.
 26225 | Snake:3  | Entered Level 3 of the Snake Pit
 26739 | Snake:3  | Reached skill level 5 in Throwing
 28023 | Snake:3  | Corrupted Snake:3
 28023 | Snake:3  | Noticed a tentacled starspawn
 28027 | Snake:3  | Reached XP level 17. HP: 55/168 MP: 21/23
 28279 | Snake:3  | Got a pair of masterwork boots
 28303 | Snake:3  | Identified the +0 pair of boots of Amelioration {rF+ rN+
                  | rCorr Str+3} (You found it on level 3 of the Snake Pit)
 28303 | Snake:3  | Got a serpentine rune of Zot
 28924 | Shoals:1 | Entered Level 1 of the Shoals
 28961 | Shoals:1 | Noticed Frances
 29069 | Shoals:1 | Killed Frances
 29071 | Shoals:1 | Received a gift from Lugonu
 29304 | Shoals:1 | Noticed Josephine
 29313 | Shoals:1 | Killed Josephine
 29958 | Shoals:3 | Entered Level 3 of the Shoals
 29975 | Shoals:2 | Found Ichun's Food Shop.
 30071 | Shoals:2 | Noticed a kraken
 30179 | Shoals:3 | Identified the cursed +0 flail "Ogrebane" {freeze, rElec
                  | MR+ Str+3 Int-2}
 30181 | Shoals:3 | Reached skill level 10 in Throwing
 30386 | Shoals:3 | Reached XP level 18. HP: 178/178 MP: 24/24
 30938 | Shoals:3 | Got a barnacled rune of Zot
 31011 | Shoals:3 | Identified the +2 dagger "Goveg" {holy, Dex+4}
 31330 | Vaults:1 | Entered Level 1 of the Vaults
 32076 | Vaults:1 | Received a gift from Lugonu
 32260 | Vaults:1 | Identified the +2 hat of Wigo Qea {MR+++ rCorr Str-4 Int+2}
                  | (Lugonu gifted it to you on level 1 of the Vaults)
 32260 | Vaults:1 | Received a gift from Lugonu
 32530 | Vaults:1 | Found a runed translucent gate.
 32530 | Vaults:1 | Found a runed translucent gate.
 32530 | Vaults:1 | Found a runed translucent gate.
 33359 | Vaults:1 | Reached XP level 19. HP: 152/185 MP: 26/26
 33552 | Vaults:1 | Identified the +0 medium shield of Curiosity {Stlth+}
 34379 | Vaults:1 | Noticed zoran's ghost (adept MiBe)
 34384 | Vaults:1 | Found an iron altar of Okawaru.
 34655 | Vaults:2 | Found Oqaenit's Food Shop.
 35211 | Vaults:2 | Reached skill level 15 in Throwing
 35579 | Vaults:2 | Received a gift from Lugonu
 35761 | Depths:1 | Entered Level 1 of the Depths
 35997 | Depths:1 | Received a gift from Lugonu
 36066 | Depths:1 | Slain by a deep troll

Skill      XL: |  1  2  3  4  5  6  7  8  9 10 11 12 13 14 15 16 17 18 19 |
---------------+----------------------------------------------------------+-----
Fighting       | 4 5 6 8 10 11 12 14 15 17 19 20 | 20.0
Axes           | 3 4 5 8 10 11 12 14 16 18 | 18.0
Armour         | 3 4 5 8 10 11 13 15 17 18 20 | 20.0
Dodging        | 2 3 4 5 |  5.0
Invocations    | 3 4 5 7 8 10 11 13 | 13.3
Shields        | 3 5 |  5.0
Throwing       | 6 10 14 15 | 15.5

Action                   |  1- 3 |  4- 6 |  7- 9 | 10-12 | 13-15 | 16-18 | 19-21 || total
-------------------------+-------+-------+-------+-------+-------+-------+-------++-------
Melee: War axe           |    97 |   130 |   191 |       |       |       |       ||   418
       Headbutt          |     7 |    13 |    62 |   125 |   335 |   348 |   101 ||   991
       Broad axe         |       |       |   105 |   514 |  1362 |  1110 |   319 ||  3410
Throw: Stone             |       |       |       |     2 |       |       |       ||     2
       Tomahawk          |       |       |       |    16 |    10 |   179 |    22 ||   227
       Javelin           |       |       |       |       |     4 |   136 |     5 ||   145
Invok: Banish            |       |       |       |     7 |    10 |     1 |       ||    18
       Corrupt           |       |       |       |       |     2 |     1 |       ||     3
       Bend Space        |       |       |       |       |     1 |     1 |       ||     2
Evoke: Wand              |       |     3 |       |     9 |     3 |    32 |     2 ||    49
       Fan of gales      |       |       |       |       |     1 |       |       ||     1
       Lamp of fire      |       |       |       |       |     2 |     6 |     1 ||     9
       Phantom mirror    |       |       |       |       |       |     1 |       ||     1
       Box of beasts     |       |       |       |       |       |     1 |     1 ||     2
  Use: Scroll            |       |     3 |     3 |    16 |    10 |    15 |     1 ||    48
       Potion            |       |       |     3 |     1 |     2 |     7 |     2 ||    15
 Stab: Confused          |       |       |       |       |       |     2 |       ||     2
  Eat: Chunk             |     5 |     9 |    14 |    25 |    48 |    27 |     6 ||   134
       Ration            |       |       |     2 |     3 |     5 |     8 |     2 ||    20
Armor: Ring mail         |    40 |    38 |    14 |       |       |       |       ||    92
       Scale mail        |       |       |   109 |   169 |       |       |       ||   278
       Crystal plate arm |       |       |       |   114 |  1092 |   971 |   272 ||  2449
Dodge: Dodged            |    55 |    80 |   156 |   224 |   232 |   255 |    70 ||  1072
Block: Buckler           |       |       |       |    91 |   376 |   430 |   130 ||  1027
